 Dungeon Crawl Stone Soup version 0.25-a0-364-ge76b031 (webtiles) character file.

Game seed: 2701559959727665935, levelgen mode: deterministic

5912 Birdy the Severer (level 10, -1/74 HPs)
             Began as a Hill Orc Gladiator on Jan 4, 2020.
             Was a Priest of Wu Jian.
             Slain by an orc warrior
             ... wielding a cursed -2 battleaxe
              (19 damage)
             ... on level 9 of the Dungeon.
             The game lasted 00:20:23 (10074 turns).

Birdy the Severer (Hill Orc Gladiator)             Turns: 10074, Time: 00:20:23

Health: -1/74      AC:  7    Str: 16    XL:     10   Next: 82%
Magic:  3/10       EV: 12    Int: 10    God:    Wu Jian [***...]
Gold:   123        SH:  0    Dex: 18    Spells: 5/9 levels left

rFire    . . .     SeeInvis .   i - +4 war axe "Nismy" {chop, Dex+3}
rCold    . . .     Gourm    .   (no shield)
rNeg     + . .     Faith    .   h - +0 ring mail
rPois    .         Spirit   .   (helmet restricted)
rElec    .         Reflect  .   (no cloak)
rCorr    .         Harm     .   p - +1 pair of gloves
MR       .....     Rnd*Tele +   (no boots)
Stlth    +.........             m - amulet of the acrobat
HPRegen  0.22/turn              g - ring of wizardry
MPRegen  0.12/turn              A - ring of positive energy

@: very slightly contaminated
A: beak, clever 1, teleportitis 1, weak 1
a: Wall Jump, Serpent's Lash, Renounce Religion


You were on level 9 of the Dungeon.
You worshipped Wu Jian.
Wu Jian was most pleased with you.
You were hungry.

You visited 2 branches of the dungeon, and saw 10 of its levels.
You also visited: Ossuary.

You collected 565 gold pieces.
You spent 442 gold pieces at shops.

Inventory:

Hand Weapons
 i - the +4 war axe "Nismy" (weapon) {chop, Dex+3}
   (You bought it in a shop on level 4 of the Dungeon)

   It inflicts extra damage upon your enemies.
   It affects your dexterity (+3).
Missiles
 u - 2 throwing nets (quivered)
Armour
 c - a +0 helmet
 h - a +0 ring mail (worn)
 p - a +1 pair of gloves (worn)
Jewellery
 a - the amulet "Tuhut" {+Rage MR+}
   (You found it on level 8 of the Dungeon)

   [amulet of rage]

   It affects your resistance to hostile enchantments.
   It lets you go berserk.
 g - a ring of wizardry (left hand)
 m - an amulet of the acrobat (around neck)
 A - a ring of positive energy (right hand)
Wands
 o - a wand of flame (2)
 w - a wand of iceblast (17)
Scrolls
 b - 16 scrolls of remove curse
 j - 5 scrolls of fog
 k - a scroll of identify
 n - 3 scrolls of teleportation
 s - a scroll of amnesia
 y - 2 scrolls of magic mapping
 E - 2 scrolls of enchant weapon
Potions
 d - 2 potions of curing
 e - a potion of ambrosia
 l - a potion of brilliance
 r - a potion of flight
 t - a potion of lignification
 x - a potion of magic
 z - a potion of haste
Comestibles
 f - 14 rations


   Skills:
 - Level 2.4 Fighting
 + Level 15.9 Axes
 - Level 1.7 Throwing
 - Level 2.4 Dodging
 + Level 9.3 Summonings
 - Level 2.0 Ice Magic


You had 5 spell levels left.
You knew the following spells:

 Your Spells              Type           Power        Failure   Level  Hunger
a - Summon Ice Beast      Ice/Summ       ##......     28%         4    #####..

Your spell library contained the following spells:

 Spells                   Type           Power        Failure   Level  Hunger
 Freeze                   Ice            #...         13%         1    ##.....
 Foxfire                  Conj/Fire      #...         28%         1    ##.....
 Magic Dart               Conj           #...         28%         1    ##.....
 Searing Ray              Conj           #.....       38%         2    ###....
 Ozocubu's Armour         Chrm/Ice       #.......     47%         3    ####...
 Conjure Flame            Conj/Fire      #.......     61%         3    ####...
 Dazzling Flash           Conj/Hex       #.....       61%         3    ####...
 Inner Flame              Hex/Fire       #.......     61%         3    ####...
 Hailstorm                Conj/Ice       #.......     86%         4    #####..
 Fulminant Prism          Conj/Hex       #.........   94%         4    #####..
 Iskenderun's Mystic Bla  Conj/Tloc      #.......     94%         4    #####..
 Sticky Flame             Conj/Fire      #.......     94%         4    #####..
 Fireball                 Conj/Fire      #.........   100%        5    ######.


Dungeon Overview and Level Annotations

Branches:
Dungeon (9/15)             Temple (1/1) D:4             Orc (0/2) D:9
Ossuary (visited)
   Lair: D:8-11

Altars:
Ashenzari
Cheibriados
Dithmenos
Elyvilon
Fedhas
Gozag
Hepliaklqana
Kikubaaqudgha
Makhleb
Nemelex Xobeh
Okawaru
Qazlal
Ru
Sif Muna
Trog
Uskayaw
Vehumet
Wu Jian
Xom
Yredelemnul
Zin
The Shining One
Beogh

Shops:
D:4 (   D:7 *   D:8 (


Innate Abilities, Weirdness & Mutations

You have a beak for a mouth.
Your mind is acute. (Int +2)
You are occasionally teleported next to monsters.
You are weak. (Str -2)


Message History

You hit the orc warrior but do no damage.
You peck the orc warrior, but do no damage.
The orc warrior is moderately wounded.
You slash the plant! You hit the plant. You hit the plant but do no damage.
The orc hits your ice beast with a +0 war axe.
Your ice beast closely misses the orc.
Unknown command.
You slash the orc warrior!
The orc warrior is severely wounded.
You hit the plant but do no damage. x2; You hit the plant.
The orc warrior hits you with a cursed -2 battleaxe!!
* * * LOW HITPOINT WARNING * * *
The orc warrior hits your ice beast with a cursed -2 battleaxe!
Your ice beast dies!
You slash the orc warrior!
The orc warrior is almost dead.
You hit the plant. You hit the plant but do no damage. You hit the orc.
You hit the plant.
The orc warrior hits you with a cursed -2 battleaxe!!
You die...

.......#
####.........+....'.
.......#######.......#
#....##
.......'......<##†##.##
##+###
..<....##########%##..###
#'###### ##......P## #.
##..†.PP.P.. #
#.P.P...P...
##P...P......
#.o@†P.P.P.P.
#oPoP.####... #..P..P#
... o...o.P..P# .P
#####..P.P# #P..P.P
##...PP. #....P.P
#..P..P.P


You could see an orc warrior and 3 orcs.

Vanquished Creatures
  A two-headed ogre (D:8)
  Pikel (D:7)
  A hornet (D:8)
  3 yaks (D:9)
  Edmund (D:4)
  A porcupine (D:9)
  7 orc warriors
  2 phantoms
  A slave (D:7)
  2 sky beasts
  A necrophage (D:6)
  4 ogres
  3 black bears
  A centaur (D:8)
  A big kobold (D:8)
  6 bullfrogs
  3 scorpions
  A wyvern skeleton (D:6)
  A howler monkey (D:5)
  5 wights (D:6)
  2 human zombies (Ossuary)
  A bullfrog zombie (D:8)
  5 hounds
  A jelly (D:6)
  5 orc priests
  6 orc wizards
  Jessica (D:3)
  2 bullfrog skeletons
  3 iguanas
  11 worker ants
  A big kobold zombie (Ossuary)
  A hound zombie (D:8)
  4 mummies (Ossuary)
  Robin (D:2)
  4 gnolls (D:9)
  10 adders
  2 shadow imps
  An adder skeleton (D:4)
  7 worms
  3 dart slugs (D:1)
  7 leopard geckos
  37 orcs
  5 bats
  3 giant cockroaches
  A gnoll zombie (Ossuary)
  15 goblins
  11 hobgoblins
  5 quokkas
  A ball python (D:4)
  6 frilled lizards
  2 goblin zombies (Ossuary)
  2 hobgoblin zombies (Ossuary)
  A jackal skeleton (D:3)
  4 jackal zombies
  11 kobolds
  A kobold zombie (Ossuary)
  7 rats
  2 rat zombies (Ossuary)
  A fungus (D:9)
239 creatures vanquished.

Vanquished Creatures (collateral kills)
  A fungus (D:9)
1 creature vanquished.

Vanquished Creatures (others)
  An adder (D:7)
  A shadow imp (D:7)
  An adder zombie (D:7)
  A goblin (D:2)
  2 fungi (D:9)
6 creatures vanquished.

Grand Total: 246 creatures vanquished

Notes
Turn   | Place    | Note
-------+----------+-------------------------------------------
     0 | D:1      | Birdy the Hill Orc Gladiator began the quest for the Orb.
     0 | D:1      | Reached XP level 1. HP: 18/18 MP: 1/1
   301 | D:1      | Reached XP level 2. HP: 15/25 MP: 2/2
   466 | D:1      | Reached skill level 5 in Axes
   945 | D:1      | Reached XP level 3. HP: 21/30 MP: 3/3
  1272 | D:2      | Reached skill level 6 in Axes
  1503 | D:2      | Reached XP level 4. HP: 35/37 MP: 4/4
  1505 | D:2      | Found a sacrificial altar of Ru.
  1694 | D:2      | Noticed Robin
  1708 | D:2      | Reached skill level 7 in Axes
  1710 | D:2      | Killed Robin
  2050 | D:3      | Reached XP level 5. HP: 39/42 MP: 5/5
  2072 | D:3      | Noticed Jessica
  2080 | D:3      | Killed Jessica
  2304 | D:3      | You fall into a shaft and drop 3 floors!
  2307 | D:6      | Noticed a phantom
  2316 | D:5      | Entered Level 5 of the Dungeon
  2326 | D:5      | Noticed a black bear
  2384 | D:4      | Reached skill level 8 in Axes
  2509 | D:4      | Found Fodum's Antique Weapon Shoppe.
  2601 | D:4      | Reached XP level 6. HP: 43/50 MP: 6/6
  2632 | D:4      | Reached skill level 9 in Axes
  2650 | D:4      | Noticed Edmund
  2676 | D:4      | Killed Edmund
  2676 | D:4      | Reached skill level 10 in Axes
  2676 | D:4      | Reached XP level 7. HP: 38/56 MP: 7/7
  2744 | D:4      | Found a sand-covered staircase.
  2754 | Ossuary  | Entered an ossuary
  3809 | D:4      | Found a staircase to the Ecumenical Temple.
  3814 | Temple   | Entered the Ecumenical Temple
  3827 | Temple   | Became a worshipper of the Wu Jian Council
  4473 | D:5      | Reached skill level 11 in Axes
  4620 | D:5      | Learned a level 4 spell: Summon Ice Beast
  4986 | D:6      | Reached XP level 8. HP: 41/62 MP: 8/8
  5018 | D:6      | Reached skill level 1 in Summonings
  5018 | D:6      | Reached skill level 1 in Ice Magic
  5233 | D:6      | Reached skill level 12 in Axes
  5567 | D:6      | Reached * piety under Wu Jian
  5602 | D:6      | Reached XP level 9. HP: 40/68 MP: 9/9
  5958 | D:6      | Reached skill level 13 in Axes
  6617 | D:7      | Reached skill level 5 in Summonings
  6620 | D:7      | Noticed Pikel
  6637 | D:7      | Killed Pikel
  7151 | D:7      | Reached skill level 14 in Axes
  7300 | D:7      | Found Lobriero's Assorted Antiques.
  7431 | D:4      | Bought a pitted war axe for 246 gold pieces
  7431 | D:4      | Identified the +4 war axe "Nismy" {chop, Dex+3} (You bought
                  | it in a shop on level 4 of the Dungeon)
  7511 | D:7      | Bought a scroll of identify for 56 gold pieces
  7511 | D:7      | Bought a scroll of identify for 56 gold pieces
  7511 | D:7      | Bought a scroll labeled ESATOR ATANIM for 28 gold pieces
  7511 | D:7      | Bought a scroll of identify for 56 gold pieces
  7616 | D:8      | Found Kuwes's Antique Weapon Emporium.
  7635 | D:8      | Gained mutation: Your magical capacity is low. (-10% MP)
                  | [potion of mutation]
  7635 | D:8      | Gained mutation: Your mind is acute. (Int +2) [potion of
                  | mutation]
  7635 | D:8      | Gained mutation: You are clumsy. (Dex -2) [potion of
                  | mutation]
  7635 | D:8      | Gained mutation: You have a beak for a mouth. [potion of
                  | mutation]
  7718 | D:8      | Got a transparent lead amulet
  7838 | D:8      | Lost mutation: Your mind is acute. (Int +2) [potion of
                  | mutation]
  7838 | D:8      | Lost mutation: Your magical capacity is low. (-10% MP)
                  | [potion of mutation]
  7838 | D:8      | Lost mutation: You are clumsy. (Dex -2) [potion of
                  | mutation]
  7838 | D:8      | Gained mutation: You are weak. (Str -2) [potion of
                  | mutation]
  7838 | D:8      | Gained mutation: You are occasionally teleported next to
                  | monsters. [potion of mutation]
  7838 | D:8      | Gained mutation: Your mind is acute. (Int +2) [potion of
                  | mutation]
  7856 | D:8      | Noticed a hornet
  7863 | D:8      | Killed a hornet
  7917 | D:8      | Reached ** piety under Wu Jian
  8095 | D:8      | Noticed a two-headed ogre
  8098 | D:8      | Reached XP level 10. HP: 74/74 MP: 10/10
  8105 | D:8      | Killed a two-headed ogre
  8118 | D:8      | Reached skill level 15 in Axes
  8828 | D:8      | Identified the amulet "Tuhut" {+Rage MR+} (You found it on
                  | level 8 of the Dungeon)
  9661 | D:9      | Found a roughly hewn altar of Beogh.
  9661 | D:9      | Found a staircase to the Orcish Mines.
  9702 | D:9      | Reached *** piety under Wu Jian
 10074 | D:9      | Slain by an orc warrior

Levels and vault maps discovered:
D:1:      elethiomel_arrival_shortcut, layout_loops_corners
D:2:      layout_basic, overflow_temple_1_default, kennysheep_generic_room_12,
          uniq_robin
D:3:      layout_rooms, uniq_jessica
D:4:      layout_basic, temple_doors_cd, enter_ossuary_3, serial_shops,
          shop_statue, chequers_serial_rivers_micro_c, uniq_edmund
D:5:      layout_basic, first_ration
D:6:      layout_layer_cave, lemuel_old_faithful
D:7:      layout_loops_ring, serial_shops, nicolae_shop_behind_doors, uniq_pikel
D:8:      layout_basic, serial_shops, nicolae_shop_waterfront
D:9:      layout_roguey, grunt_lair_entry_orc_guard_hut, david_orc_5,
          hangedman_little_slice_of_home, uniq_joseph
Temple:   nicolae_temple_the_god_donut

Skill      XL: |  1  2  3  4  5  6  7  8  9 10 |
---------------+-------------------------------+-----
Axes           | 5 6 7 8 10 11 12 14 15 | 15.9
Summonings     | 4 7 9 |  9.3
Ice Magic      | 2 |  2.0
Fighting       | |  2.4
Throwing       | |  1.7
Dodging        | |  2.4

Action                   |  1- 3 |  4- 6 |  7- 9 | 10-12 || total
-------------------------+-------+-------+-------+-------++-------
Melee: War axe           |    80 |   128 |   366 |   183 ||   757
       Peck              |       |       |     3 |    26 ||    29
Throw: Throwing net      |       |     4 |     1 |       ||     5
 Cast: Summon Ice Beast  |       |       |       |     1 ||     1
Invok: Lunge             |       |       |    15 |    15 ||    30
       Whirlwind         |       |       |       |    21 ||    21
Evoke: Wand              |       |       |    24 |     1 ||    25
  Use: Scroll            |     5 |     6 |    12 |     2 ||    25
       Potion            |       |     3 |     5 |     4 ||    12
 Stab: Sleeping          |     1 |       |       |       ||     1
       Held in net/web   |       |     2 |     1 |       ||     3
  Eat: Chunk             |     1 |     5 |    13 |     7 ||    26
       Ration            |       |       |     1 |       ||     1
Armor: Leather armour    |    14 |       |       |       ||    14
       Ring mail         |     8 |    63 |    83 |    14 ||   168
       Skin              |       |     2 |       |       ||     2
Dodge: Dodged            |    50 |   101 |   188 |    66 ||   405

Table legend:
 A = Non-vault XP
 B = Vault XP
 C = Vault XP percentage of total XP
 D = Non-vault monster count
 E = Vault monster count
 F = Vault count percentage of total count
                 A         B        C        D         E       F
            +---------+---------+-------+---------+---------+-------
      Total |    6154 |    2293 |  27.1 |     178 |      59 |  24.9
            +---------+---------+-------+---------+---------+-------
        D:1 |      41 |       0 |   0.0 |      20 |       0 |   0.0
        D:2 |      79 |      35 |  30.7 |      17 |      12 |  41.4
        D:3 |      51 |      37 |  42.0 |      21 |       1 |   4.5
        D:4 |     281 |     158 |  36.0 |      15 |       2 |  11.8
        D:5 |     297 |       0 |   0.0 |      10 |       0 |   0.0
        D:6 |    1593 |       0 |   0.0 |      34 |       0 |   0.0
        D:7 |     511 |     651 |  56.0 |      15 |       1 |   6.2
        D:8 |    2391 |     278 |  10.4 |      30 |       2 |   6.2
        D:9 |     910 |     938 |  50.8 |      16 |      25 |  61.0
    Ossuary |       0 |     196 | 100.0 |       0 |      16 | 100.0
            +---------+---------+-------+---------+---------+-------
